 Dungeon Crawl Stone Soup version 0.30.1-4-g462c640d31 (webtiles) character file.

Game seed: 3214952246268013794

258 Graphine the Ruffian (level 5, -7/42 HPs)
             Began as a Draconian Transmuter on Aug 26, 2023.
             Mangled by an iguana (12 damage)
             ... on level 4 of the Dungeon.
             The game lasted 00:05:46 (2507 turns).

Graphine the Ruffian (Draconian Transmuter)         Turns: 2507, Time: 00:05:47

Health: -7/42      AC:  5    Str: 13    XL:     5   Next: 94%
Magic:  8/9        EV: 12    Int: 15    God:
Gold:   212        SH:  0    Dex: 11    Spells: 6/9 levels left

rFire   x . .        l - +0 short sword (elec)
rCold   + . .        (no shield)
rNeg    . . .        (body armour unavailable)
rPois   .            (helmet restricted)
rElec   .            (no cloak)
rCorr   +            (no gloves)
SInv    .            (no boots)
Will    .....        (no amulet)
Stlth   +            f - ring of ice
HPRegen 0.27/turn    m - ring of resist corrosion
MPRegen 0.11/turn

%: no passive effects
@: wereblooded
A: AC +5, unfitting armour, cold-blooded
a: no special abilities


You were on level 4 of the Dungeon.
You visited 1 branch of the dungeon, and saw 4 of its levels.

You collected 212 gold pieces.

Inventory:

Hand Weapons
 l - a +0 short sword of electrocution (weapon)
Armour
 k - a +2 helmet
Jewellery
 b - a +4 ring of protection
 f - a ring of ice (left hand)
 m - a ring of resist corrosion (right hand)
 n - a ring of protection from cold
Scrolls
 a - 2 scrolls of enchant weapon {unknown}
 e - 2 scrolls of poison {unknown}
 o - a scroll of teleportation {unknown}
 p - a scroll of enchant armour {unknown}
 q - 2 scrolls of identify
Potions
 c - 2 potions of curing
 d - 3 potions of heal wounds
 g - a potion of haste
 h - a potion of lignification
 i - a potion of cancellation
 j - 2 potions of magic


   Skills:
 + Level 2.5 Fighting
 + Level 2.6 Dodging
 * Level 4.3 Unarmed Combat
 + Level 2.8 Spellcasting
 * Level 3.6 Transmutations


You had 6 spell levels left.
You knew the following spells:

 Your Spells              Type           Power      Damage    Failure   Level
a - Beastly Appendage     Tmut           26%        N/A       4%          1
b - Wereblood             Tmut           13%        N/A       7%          2

Your spell library contained the following spells:

 Spells                   Type           Power      Damage    Failure   Level
 Passwall                 Tmut/Erth      5%         N/A       14%         2
 Spider Form              Tmut/Pois      7%         N/A       28%         3
 Ensorcelled Hibernation  Hex/Ice        6%         N/A       30%         2
 Swiftness                Air            2%         N/A       52%         3
 Ice Form                 Ice/Tmut       11%        N/A       67%         4


Dungeon Overview and Level Annotations

Branches:
Dungeon (4/15)
 Temple: D:4-7

Altars:
Trog


Innate Abilities, Weirdness & Mutations

Your plain brown scales are hard. (AC +5)
You cannot fit into any form of body armour.
You are cold-blooded and may be slowed by cold attacks.


Message History

You hit the iguana but do no damage. The iguana misses you.
You hit the iguana but do no damage. The iguana bites you!
You hit the iguana but do no damage.
You tail-slap the iguana, but do no damage.
The iguana misses you.
You hit the iguana but do no damage. The iguana bites you!
Your magical contamination has completely faded away.
You closely miss the iguana.
The iguana bites you but does no damage.
You hit the iguana but do no damage. Lightning courses through the iguana!
The iguana is heavily wounded.
The iguana bites you!
You barely miss the iguana.
The iguana is heavily wounded.
The iguana closely misses you.
You closely miss the iguana.
The iguana is heavily wounded.
The iguana barely misses you.
You barely miss the iguana.
The iguana is heavily wounded.
The iguana closely misses you.
You hit the iguana but do no damage.
You tail-slap the iguana, but do no damage.
The iguana is heavily wounded.
The iguana misses you.
You barely miss the iguana.
The iguana is heavily wounded.
The iguana bites you but does no damage.
You hit the iguana but do no damage.
The iguana is heavily wounded.
The iguana completely misses you.
You barely miss the iguana.
The iguana is heavily wounded.
The iguana bites you!
* * * LOW HITPOINT WARNING * * *
You hit the iguana.
You tail-slap the iguana, but do no damage.
The iguana is severely wounded.
The iguana bites you!
You die...

.....###.........>..........# #
†...>.................##..#.....
#..#.###..............##..###.##
##.#.# ######...#####.##..# #
.....# #.........##... #..###
#...#########.## ..## #...# .#
..# ##...### .# ..# #....@.# ..#
#.#.##l# .## #.... ... .# #..##
..... .# #.? .#$### ## ... ....
##. .. .. .. ...


You could see an iguana.

Vanquished Creatures
  A scorpion (D:4)
  An orc priest (D:4)
  A hound (D:4)
  2 orc wizards (D:3)
  4 adders
  2 worms
  2 dart slugs
  8 orcs
  5 endoplasms
  A giant cockroach (D:4)
  4 hobgoblins
  3 ball pythons
  A bat (D:1)
  2 frilled lizards
  5 kobolds
  6 rats
48 creatures vanquished.

Notes
Turn   | Place    | Note
-------+----------+-------------------------------------------
     0 | D:1      | Graphine the Draconian Transmuter began the quest for the
                  | Orb.
     0 | D:1      | Reached XP level 1. HP: 16/16 MP: 3/3
   514 | D:2      | You fall into a shaft and drop 2 floors!
   532 | D:4      | Noticed a hound
   543 | D:4      | Killed a hound
   544 | D:4      | Reached XP level 2. HP: 11/23 MP: 3/5
   544 | D:4      | Reached XP level 3. HP: 14/28 MP: 3/6
  1391 | D:3      | Reached XP level 4. HP: 32/36 MP: 5/7
  1505 | D:3      | Identified the +1 ring mail "Riqeimm" {rC+ rN++ Str+2
                  | Int-3}
  1778 | D:3      | Reached skill level 4 in Unarmed Combat
  1778 | D:3      | Reached XP level 5. HP: 21/41 MP: 8/8
  2117 | D:4      | Learned a level 2 spell: Wereblood
  2236 | D:4      | Found a bloodstained altar of Trog.
  2507 | D:4      | Mangled by an iguana

Illustrated notes

Levels and vault maps discovered:
D:1:      spicycebolla_green_bress_n_ham, layout_rooms
D:2:      wander_river, layout_loops_ring
D:3:      layout_basic
D:4:      layout_loops_cross, nicolae_overflow_crystal_walls

Skill      XL: |  1  2  3  4 |
---------------+-------------+-----
Dodging        | 2 |  2.6
Fighting       | 2 |  2.5
Transmutations | 3 |  3.6
Unarmed Combat | 4 |  4.3
Spellcasting   | |  2.8

Action                     |  1- 3 |  4- 6 || total
---------------------------+-------+-------++-------
  Melee: Unarmed           |    51 |       ||    51
         Kick              |    11 |    12 ||    23
         Headbutt          |     3 |     7 ||    10
         Tailslap          |     3 |    15 ||    18
         Short sword       |     9 |   106 ||   115
         Punch             |       |     1 ||     1
   Cast: Beastly Appendage |    18 |    12 ||    30
         Wereblood         |       |     5 ||     5
    Use: Scroll            |     4 |     1 ||     5
         Potion            |     1 |       ||     1
   Stab: Sleeping          |     1 |       ||     1
 Armour: Skin              |    20 |    21 ||    41
  Dodge: Dodged            |    26 |    55 ||    81
